| TOP OF THE 1ST |
|
Columbus Clippers batting - Pitching for Fresno Grizzlies : RHP Antonio Escobosa
|
|
Pitching: RHP Antonio Escobosa
|
|
|
Batting: RHB Rafael Medina
|
0-0: Foul Ball, location: 2F 0-1: SINGLE (Groundball, 4D, EV 104.4 MPH)
|
|
Batting: RHB Tristan Dennis
|
0-0: Ball 1-0: Fly out, F9 (Flyball, 89XD, EV 98.1 MPH)
|
|
Batting: RHB Jason Savage
|
0-0: Ball Rafael Medina is caught stealing 2nd base 2-4 1-0: SINGLE (Groundball, 4MD, EV 98.8 MPH)
|
|
Batting: LHB Anthony Mosley
|
0-0: Ball 1-0: Ball 2-0: Ball 3-0: Called Strike 3-1: Fielders Choice at 2nd, U6 (Groundball, 4MD, EV 86.9 MPH)
|
| Top of the 1st over - 0 runs, 2 hits, 0 errors, 1 left on base; Columbus 0 - Fresno 0 |
| BOTTOM OF THE 1ST |
|
Fresno Grizzlies batting - Pitching for Columbus Clippers : RHP Jon Samer
|
|
Pitching: RHP Jon Samer
|
|
|
Batting: RHB Chris Fitzgerald
|
0-0: Called Strike 0-1: Ball 1-1: DOUBLE (Line Drive, 9LM, EV 108.8 MPH)
|
|
Batting: LHB Chris Cabrera
|
0-0: Ball 1-0: Ball 2-0: Ball 3-0: Base on Balls
|
|
Batting: LHB Mike Davis
|
0-0: Ball 1-0: Swinging Strike 1-1: Foul Ball, location: 2F 1-2: Strikes out swinging
|
|
Batting: LHB Chris Redding
|
0-0: Called Strike 0-1: Swinging Strike 0-2: Foul Ball, location: 2F 0-2: Fielders Choice at 2nd, 4-6 (Groundball, 4, EV 81.9 MPH) Chris Fitzgerald to third
|
|
Batting: LHB Alexis Montoya
|
0-0: Ball 1-0: Called Strike 1-1: Ball 2-1: Swinging Strike 2-2: Strikes out swinging
|
| Bottom of the 1st over - 0 runs, 1 hit, 0 errors, 2 left on base; Columbus 0 - Fresno 0 |
| TOP OF THE 2ND |
|
Columbus Clippers batting - Pitching for Fresno Grizzlies : RHP Antonio Escobosa
|
|
Batting: SHB Mike Gross
|
0-0: Ball 1-0: Ball 2-0: Ball 3-0: Called Strike 3-1: Base on Balls
|
|
Batting: LHB Doug Frampton
|
0-0: Called Strike 0-1: Called Strike 0-2: Ball 1-2: Ball 2-2: Strikes out swinging
|
|
Batting: RHB Chris Folse
|
0-0: Ball 1-0: Grounds into double play, 6-4-3 (Groundball, 6, EV 101.2 MPH)
|
| Top of the 2nd over - 0 runs, 0 hits, 0 errors, 0 left on base; Columbus 0 - Fresno 0 |
| BOTTOM OF THE 2ND |
|
Fresno Grizzlies batting - Pitching for Columbus Clippers : RHP Jon Samer
|
|
Batting: SHB Malik Whitted
|
0-0: Swinging Strike 0-1: Ball 1-1: Ball 2-1: Called Strike 2-2: Ground out 4-3 (Groundball, 4, EV 108.8 MPH)
|
|
Batting: RHB Joe Berkhahn
|
0-0: Called Strike 0-1: Ball 1-1: Ball 2-1: Ball 3-1: Base on Balls
|
|
Batting: RHB Tom Carico
|
0-0: Fly out, F8 (Flyball, 8RD, EV 100.0 MPH)
|
|
Batting: LHB Francisco de la Torre
|
0-0: Ground out 4-3 (Groundball, 34, EV 81.9 MPH)
|
| Bottom of the 2nd over - 0 runs, 0 hits, 0 errors, 1 left on base; Columbus 0 - Fresno 0 |
| TOP OF THE 3RD |
|
Columbus Clippers batting - Pitching for Fresno Grizzlies : RHP Antonio Escobosa
|
|
Batting: SHB Danny Simmons
|
0-0: Ball 1-0: Called Strike 1-1: Called Strike 1-2: Strikes out swinging
|
|
Batting: LHB Jeremy DiGenova
|
0-0: Ball 1-0: Ball 2-0: Foul Ball, location: 2F 2-1: Foul Ball, location: 2F 2-2: Strikes out swinging
|
|
Batting: RHB Rafael Medina
|
0-0: Ball 1-0: Called Strike 1-1: Called Strike 1-2: Strikes out swinging
|
| Top of the 3rd over - 0 runs, 0 hits, 0 errors, 0 left on base; Columbus 0 - Fresno 0 |
| BOTTOM OF THE 3RD |
|
Fresno Grizzlies batting - Pitching for Columbus Clippers : RHP Jon Samer
|
|
Batting: RHB Chris Fitzgerald
|
0-0: Ball 1-0: Foul Ball, location: 2F 1-1: Foul Ball, location: 2F 1-2: Foul Ball, location: 2F 1-2: Ball 2-2: Foul Ball, location: 2F 2-2: Ball 3-2: Foul Ball, location: 2F 3-2: Foul Ball, location: 2F 3-2: SINGLE (Line Drive, 89M, EV 97.5 MPH)
|
|
Batting: LHB Chris Cabrera
|
0-0: Ball 1-0: Ball 2-0: Foul Ball, location: 2F 2-1: Ball 3-1: Called Strike 3-2: Base on Balls Chris Fitzgerald to second
|
|
Batting: LHB Mike Davis
|
0-0: Swinging Strike 0-1: Ball 1-1: Ball 2-1: Fielders Choice at 2nd, 3-6 (Groundball, 3, EV 110.6 MPH) Chris Fitzgerald to third
|
|
Batting: LHB Chris Redding
|
0-0: Ball 1-0: Ball Mike Davis steals 2nd base 2-0: Ball 3-0: Base on Balls
|
|
Batting: LHB Alexis Montoya
|
0-0: Ball 1-0: Ball 2-0: Grounds into double play, 4-6-3 (Groundball, 4M, EV 100.0 MPH)
|
| Bottom of the 3rd over - 0 runs, 1 hit, 0 errors, 2 left on base; Columbus 0 - Fresno 0 |
| TOP OF THE 4TH |
|
Columbus Clippers batting - Pitching for Fresno Grizzlies : RHP Antonio Escobosa
|
|
Batting: RHB Tristan Dennis
|
0-0: Called Strike 0-1: Foul Ball, location: 2F 0-2: Foul Ball, location: 2F 0-2: Ground out 6-3 (Groundball, 6, EV 108.1 MPH)
|
|
Batting: RHB Jason Savage
|
0-0: Called Strike 0-1: Fly out, F8 (Flyball, 8RM, EV 95.0 MPH)
|
|
Batting: LHB Anthony Mosley
|
0-0: Ground out U3 (Groundball, 3, EV 90.0 MPH)
|
| Top of the 4th over - 0 runs, 0 hits, 0 errors, 0 left on base; Columbus 0 - Fresno 0 |
| BOTTOM OF THE 4TH |
|
Fresno Grizzlies batting - Pitching for Columbus Clippers : RHP Jon Samer
|
|
Batting: SHB Malik Whitted
|
0-0: Foul Ball, location: 2F 0-1: Ball 1-1: Swinging Strike 1-2: Ball 2-2: Fly out, F9 (Flyball, 9, EV 83.8 MPH)
|
|
Batting: RHB Joe Berkhahn
|
0-0: Called Strike 0-1: Swinging Strike 0-2: Ball 1-2: Strikes out swinging
|
|
Batting: RHB Tom Carico
|
0-0: Ground out 6-3 (Groundball, 6, EV 88.8 MPH)
|
| Bottom of the 4th over - 0 runs, 0 hits, 0 errors, 0 left on base; Columbus 0 - Fresno 0 |
| TOP OF THE 5TH |
|
Columbus Clippers batting - Pitching for Fresno Grizzlies : RHP Antonio Escobosa
|
|
Batting: SHB Mike Gross
|
0-0: Ball 1-0: Called Strike 1-1: Foul Ball, location: 2F 1-2: Ball 2-2: Ground out 1-3 (Groundball, 13S, EV 73.1 MPH)
|
|
Batting: LHB Doug Frampton
|
0-0: Ball 1-0: Ball 2-0: Ground out 6-3 (Groundball, 4M, EV 86.9 MPH)
|
|
Batting: RHB Chris Folse
|
0-0: Ball 1-0: Called Strike 1-1: Foul Ball, location: 2F 1-2: Ball 2-2: Strikes out looking
|
| Top of the 5th over - 0 runs, 0 hits, 0 errors, 0 left on base; Columbus 0 - Fresno 0 |
| BOTTOM OF THE 5TH |
|
Fresno Grizzlies batting - Pitching for Columbus Clippers : RHP Jon Samer
|
|
Batting: LHB Francisco de la Torre
|
0-0: Ball 1-0: Ball 2-0: Ground out 4-3 (Groundball, 4, EV 101.9 MPH)
|
|
Batting: RHB Chris Fitzgerald
|
0-0: Ball 1-0: Ground out U3 (Groundball, 13, EV 83.1 MPH)
|
|
Batting: LHB Chris Cabrera
|
0-0: Called Strike 0-1: Ball 1-1: Fly out, F9 (Flyball, 9LS, EV 86.9 MPH)
|
| Bottom of the 5th over - 0 runs, 0 hits, 0 errors, 0 left on base; Columbus 0 - Fresno 0 |
| TOP OF THE 6TH |
|
Columbus Clippers batting - Pitching for Fresno Grizzlies : RHP Antonio Escobosa
|
|
Batting: SHB Danny Simmons
|
0-0: Called Strike 0-1: Ball 1-1: DOUBLE (Line Drive, 7LM, EV 112.5 MPH)
|
|
Batting: LHB Jeremy DiGenova
|
0-0: Ball 1-0: Ball 2-0: Called Strike 2-1: Ball 3-1: Foul Ball, location: 2F 3-2: Ground out 6-3 (Groundball, 56, EV 81.9 MPH)
|
|
Batting: RHB Rafael Medina
|
0-0: Called Strike 0-1: Foul Ball, location: 2F 0-2: Strikes out swinging
|
|
Batting: RHB Tristan Dennis
|
0-0: SINGLE (Line Drive, 56, EV 98.1 MPH) Danny Simmons to third Throwing error, E7 Danny Simmons scores Tristan Dennis to second
|
|
Batting: RHB Jason Savage
|
0-0: Foul Ball, location: 2F 0-1: Ball 1-1: Called Strike 1-2: Ball 2-2: Strikes out swinging
|
| Top of the 6th over - 1 run, 2 hits, 1 error, 1 left on base; Columbus 1 - Fresno 0 |
| BOTTOM OF THE 6TH |
|
Fresno Grizzlies batting - Pitching for Columbus Clippers : RHP Jon Samer
|
|
Batting: LHB Mike Davis
|
0-0: Ball 1-0: Called Strike 1-1: Foul Ball, location: 2F 1-2: Ball 2-2: Ball 3-2: Fly out, F7 (Flyball, 7S, EV 76.9 MPH)
|
|
Batting: LHB Chris Redding
|
0-0: Foul Ball, location: 2F 0-1: Ball 1-1: Ball 2-1: Foul Ball, location: 2F 2-2: Foul Ball, location: 2F 2-2: Foul Ball, location: 2F 2-2: Fly out, F8 (Flyball, 8LXD, EV 90.0 MPH)
|
|
Batting: LHB Alexis Montoya
|
0-0: Fly out, F8 (Line Drive, 8LD, EV 88.1 MPH)
|
| Bottom of the 6th over - 0 runs, 0 hits, 0 errors, 0 left on base; Columbus 1 - Fresno 0 |
| TOP OF THE 7TH |
|
Columbus Clippers batting - Pitching for Fresno Grizzlies : RHP Antonio Escobosa
|
|
Batting: LHB Anthony Mosley
|
0-0: Ball 1-0: Ball 2-0: Called Strike 2-1: Ball 3-1: Ground out U3 (Groundball, 23, EV 88.1 MPH)
|
|
Batting: SHB Mike Gross
|
0-0: Called Strike 0-1: Foul Ball, location: 2F 0-2: Ground out 4-3 (Groundball, 4, EV 76.9 MPH)
|
|
Batting: LHB Doug Frampton
|
0-0: Ball 1-0: Ball 2-0: Swinging Strike 2-1: Ball 3-1: Base on Balls
|
|
Batting: RHB Chris Folse
|
0-0: Called Strike 0-1: Foul Ball, location: 2F 0-2: Foul Ball, location: 2F 0-2: 2-RUN HOME RUN (Flyball, 7D, EV 98.1 MPH), Distance : 368 ft
|
|
Batting: SHB Danny Simmons
|
0-0: Ball 1-0: Foul Ball, location: 2F 1-1: Ball 2-1: Foul Ball, location: 2F 2-2: Strikes out swinging
|
| Top of the 7th over - 2 runs, 1 hit, 0 errors, 0 left on base; Columbus 3 - Fresno 0 |
| BOTTOM OF THE 7TH |
|
Fresno Grizzlies batting - Pitching for Columbus Clippers : RHP Jon Samer
|
|
Batting: SHB Malik Whitted
|
0-0: Foul Ball, location: 2F 0-1: Ground out 4-3 (Groundball, 4M, EV 99.4 MPH)
|
|
Batting: RHB Joe Berkhahn
|
0-0: Ball 1-0: DOUBLE (Line Drive, 7LD, EV 101.9 MPH)
|
|
Batting: RHB Tom Carico
|
0-0: Called Strike 0-1: Ball 1-1: Ground out 4-3 (Groundball, 13, EV 86.9 MPH) Joe Berkhahn to third
|
|
Batting: LHB Francisco de la Torre
|
0-0: Ball 1-0: Ball 2-0: Ball 3-0: Called Strike 3-1: Foul Ball, location: 2F 3-2: Strikes out looking
|
| Bottom of the 7th over - 0 runs, 1 hit, 0 errors, 1 left on base; Columbus 3 - Fresno 0 |
| TOP OF THE 8TH |
|
Columbus Clippers batting - Pitching for Fresno Grizzlies : RHP Antonio Escobosa
|
|
Pitching: RHP Eli Hernandez
|
|
|
Batting: LHB Jeremy DiGenova
|
0-0: Called Strike 0-1: Ball 1-1: Ball 2-1: Ball 3-1: Called Strike 3-2: Foul Ball, location: 2F 3-2: Strikes out swinging
|
|
Batting: RHB Rafael Medina
|
0-0: Called Strike 0-1: Ball 1-1: Ground out 6-3 (Groundball, 6, EV 107.5 MPH)
|
|
Batting: RHB Tristan Dennis
|
0-0: Ground out U3 (Groundball, 3S, EV 85.0 MPH)
|
| Top of the 8th over - 0 runs, 0 hits, 0 errors, 0 left on base; Columbus 3 - Fresno 0 |
| BOTTOM OF THE 8TH |
|
Fresno Grizzlies batting - Pitching for Columbus Clippers : RHP Jon Samer
|
|
Pitching: RHP Danny Murguia
|
|
|
Batting: RHB Chris Fitzgerald
|
0-0: Reached on error, E6 (Groundball, 6, EV 101.9 MPH)
|
|
Batting: LHB Chris Cabrera
|
0-0: Ball 1-0: Ball 2-0: Ball 3-0: Base on Balls Chris Fitzgerald to second
|
|
Batting: LHB Mike Davis
|
Balk! Chris Fitzgerald to third Chris Cabrera to second 0-0: Fly out, F7 (Flyball, 7LS, EV 83.1 MPH)
|
|
Batting: LHB Chris Redding
|
0-0: Fly out, F9 (Flyball, 9LM, EV 93.1 MPH)
|
|
Batting: LHB Alexis Montoya
|
0-0: Swinging Strike 0-1: Fly out, F8 (Flyball, 8RM, EV 93.1 MPH)
|
| Bottom of the 8th over - 0 runs, 0 hits, 1 error, 2 left on base; Columbus 3 - Fresno 0 |
| TOP OF THE 9TH |
|
Columbus Clippers batting - Pitching for Fresno Grizzlies : RHP Eli Hernandez
|
|
Batting: RHB Jason Savage
|
0-0: Called Strike 0-1: Foul Ball, location: 2F 0-2: Foul Ball, location: 2F 0-2: Ball 1-2: Ball 2-2: Ball 3-2: Foul Ball, location: 2F 3-2: Strikes out looking
|
|
Batting: LHB Anthony Mosley
|
0-0: Ball 1-0: Ball 2-0: Swinging Strike 2-1: Ball 3-1: Ground out 6-3 (Groundball, 6, EV 100.0 MPH)
|
|
Batting: SHB Mike Gross
|
0-0: Ball 1-0: Ground out 4-3 (Groundball, 4, EV 90.6 MPH)
|
| Top of the 9th over - 0 runs, 0 hits, 0 errors, 0 left on base; Columbus 3 - Fresno 0 |
| BOTTOM OF THE 9TH |
|
Fresno Grizzlies batting - Pitching for Columbus Clippers : RHP Danny Murguia
|
|
Batting: SHB Malik Whitted
|
0-0: Called Strike 0-1: Ball 1-1: Foul Ball, location: 2F 1-2: Ground out U3 (Groundball, 3, EV 100.6 MPH)
|
|
Pinch Hitting: LHB Anthony Howie
|
0-0: Ball 1-0: SINGLE (Groundball, 56, EV 96.2 MPH)
|
|
Batting: RHB Tom Carico
|
|
|
Pinch Hitting: LHB Alex Alicea
|
0-0: Ball 1-0: Fly out, F3 (Line Drive, 3, EV 66.2 MPH) Lined into DP, U3 (Line Drive, 3, EV 70.6 MPH)
|
| Bottom of the 9th over - 0 runs, 1 hit, 0 errors, 0 left on base; Columbus 3 - Fresno 0 |
|